 Dungeon Crawl Stone Soup version 0.26.0-10-g1f06aea511 (webtiles) character file.

Game seed: 4965609594531798507

10 sanka the Covert (level 2, 0/28 HPs)
             Began as a Naga Delver on Jan 20, 2021.
             Slain by a bullfrog skeleton (4 damage)
             ... on level 4 of the Dungeon.
             The game lasted 00:00:41 (209 turns).

sanka the Covert (Naga Delver)                       Turns: 209, Time: 00:00:41

Health: 0/28       AC:  2    Str: 14    XL:     2   Next: 20%
Magic:  2/2        EV:  9    Int: 10    God:
Gold:   2          SH:  0    Dex: 12    Spells: 1/1 levels left

rFire    . . .     SeeInvis +   a - +0 hand axe
rCold    . . .     Faith    .   (no shield)
rNeg     . . .     Spirit   .   b - +0 leather armour
rPois    +         Reflect  .   (no helmet)
rElec    .         Harm     .   (no cloak)
rCorr    .         Rampage  .   (no gloves)
Will     .....                  (no barding)
Stlth    +++.......             (no amulet)
HPRegen  0.09/turn              (no ring)
MPRegen  0.08/turn              (no ring)

@: very slow
A: large, see invisible, deformed body, poison resistance, slowness 2, spit
poison 1, AC +0
a: Spit Poison


You were on level 4 of the Dungeon.
You visited 1 branch of the dungeon, and saw 2 of its levels.

You collected 2 gold pieces.


Innate Abilities, Weirdness & Mutations

You cannot wear boots.
Your serpentine skin is tough. (AC +0)
You have supernaturally acute eyesight. (SInv)
Armour fits poorly on your strangely shaped body.
Your system is resistant to poisons. (rPois)
You cover ground very slowly.
You can spit poison.


   Skills:
 + Level 3.0 Fighting
 - Level 2.0 Axes
 - Level 1.5 Dodging
 - Level 8.0 Stealth


You had one spell level left.
You didn't know any spells.
Your spell library was empty.

Inventory:

Hand Weapons
 a - a +0 hand axe (weapon)
Armour
 b - a +0 leather armour (worn)
Wands
 g - a wand of digging (3)
Scrolls
 c - a scroll of fog
 d - a scroll of magic mapping
 h - 2 scrolls of amnesia {unknown}
Potions
 f - a potion of haste {@q3}

Dungeon Overview and Level Annotations

Branches:
Dungeon (5/15)
 Temple: D:4-7

Altars:

▒.....▒ ▒▒▒▒
▒..>..▒▒▒▒▒▒▒▒▒▒▒..▒▒▒▒.▒▒
▒.........†...............
▒...>.▒▒▒▒▒▒▒▒▒▒...▒▒▒▒..▒
▒▒▒▒▒▒▒ ▒.▒.▒
..▒▒▒▒▒▒▒.▒.▒▒▒▒▒
................▒
...▒▒▒▒▒▒.▒.▒▒▒....
▒.....N.......▒ .▒
▒▒▒▒▒▒▒Z.▒▒▒.... ▒▒..▒▒
.▒▒.▒ ▒..▒▒ . . ▒.▒▒ .
▒l.▒ .▒ ▒▒.▒ ▒▒▒▒▒l▒▒
▒▒....†.▒▒


You could see a bullfrog skeleton.


Message History

The iguana hisses menacingly.
A bullfrog skeleton comes into view.
The leopard gecko hisses angrily.
The quokka twitches its whiskers.
The quokka barely misses you. The iguana bites you.
Use which ability? (? or * to list)
Aim: an iguana The splash of poison misses the iguana.
The splash of poison hits the quokka.
The quokka is poisoned.
You kill the quokka!
The iguana bites you!
Training target 8.0 for Stealth reached!
Your Stealth skill increases to level 8!
You need to enable at least one skill for training.
Unknown command.
The iguana bites you!
* * * LOW HITPOINT WARNING * * *
Okay, then.
As you read the scroll of fear, it crumbles to dust.
You assume a fearsome visage.
The iguana looks frightened!
The bullfrog skeleton is unaffected.
The leopard gecko looks frightened!
You have got your breath back.
Unknown command.
Unknown command.
The bullfrog skeleton hits you.
You die...

Action                   || total
-------------------------++-------
Melee: Hand axe          ||    12
 Abil: Spit Poison       ||     1
  Use: Scroll            ||     1
 Stab: Sleeping          ||     2
Armor: Leather armour    ||     5
Dodge: Dodged            ||     6

Levels and vault maps discovered:
D:4:      layout_rooms, serial_shops, shop, biasface_ghost_orc_armoury,
          lightli_corner_chamber, uniq_crazy_yiuf_cottage
D:5:      layout_basic, lemuel_old_faithful

Notes
Turn   | Place    | Note
-------+----------+-------------------------------------------
     0 | D:5      | sanka the Naga Delver began the quest for the Orb.
     0 | D:5      | Reached XP level 1. HP: 21/21 MP: 1/1
    22 | D:5      | Reached XP level 2. HP: 18/28 MP: 2/2
   202 | D:4      | Reached skill level 8 in Stealth
   209 | D:4      | Slain by a bullfrog skeleton

Vanquished Creatures
  A shadow imp (D:5)
  A quokka (D:4)
  2 frilled lizards (D:4)
4 creatures vanquished.

Table legend: (Time is in decaauts)
 A = Elapsed time spent in this place.
 B = Non-inter-level travel time spent in this place.
 C = Inter-level travel time spent in this place.
 D = Time resting spent in this place.
 E = Time spent auto-exploring this place.
 F = Levels seen in this place.
 G = Mean time per level.
                   A        B        C        D        E       F      G
               +--------+--------+--------+--------+--------+-----+--------+
         Total |    245 |    245 |      0 |     85 |     65 |   2 |  122.5 |
       Dungeon |    245 |    245 |      0 |     85 |     65 |   2 |  122.5 |
               +--------+--------+--------+--------+--------+-----+--------+

Top non-repeatable levels by time:
     D:5: 152 daAuts
     D:4: 93 daAuts
